 Dungeon Sprint DCSS version 0.29-a0-320-g9f8742066b (webtiles) character file.

Game seed: 6874579283056323951

130 mhtbhm the Skirmisher (level 4, -5/47 HPs)
             Began as a Minotaur Fighter on Apr 2, 2022.
             Was an Initiate of Okawaru.
             Slain by a two-headed ogre
             ... wielding a +0 giant spiked club
              (33 damage)
             ... in the Dungeon (Sprint IX: "|||||||||||||||||||||||||||||").
             The game lasted 00:00:35 (391 turns).

mhtbhm the Skirmisher (Minotaur Fighter)             Turns: 391, Time: 00:00:36

Health: -5/47      AC:  8    Str: 23    XL:     4   Next: 90%
Magic:  3/3        EV: 12    Int:  8    God:    Okawaru [......]
Gold:   0          SH:  0    Dex:  9    Spells: 3/3 levels left

rFire   . . .      SeeInvis .   a - +2 halberd (venom)
rCold   . . .      Faith    .   (shield currently unavailable)
rNeg    . . .      Spirit   .   b - +1 scale mail
rPois   .          Reflect  .   (helmet restricted)
rElec   .          Harm     .   (no cloak)
rCorr   .          Rampage  .   (no gloves)
Will    .....      NoTele   +   (no boots)
Stlth   ..........              (no amulet)
HPRegen 0.15/turn               n - +3 ring of intelligence
MPRegen 0.08/turn               o - +2 ring of evasion

@: no status effects
A: horns 2, retaliatory headbutt
a: Renounce Religion


You were in the Dungeon.
You worshipped Okawaru.
Okawaru was noncommittal.
You visited 1 branch

Inventory:

Hand Weapons
 a - a +2 halberd of venom (weapon)
Armour
 b - a +1 scale mail (worn)
 c - a +0 buckler
Jewellery
 n - a +3 ring of intelligence (left hand)
 o - a +2 ring of evasion (right hand)
Wands
 m - a wand of acid (10)
Scrolls
 j - 2 scrolls of blinking
 l - 2 scrolls of amnesia
Potions
 d - a potion of might
 e - 5 potions of curing
 f - 2 potions of heal wounds
 g - a potion of haste
 h - 4 potions of magic
 i - a potion of berserk rage
 k - a potion of invisibility


   Skills:
 + Level 7.2 Fighting
 + Level 6.0 Polearms
 + Level 6.9 Armour
 + Level 0.3 Dodging
 + Level 6.7 Shields


You had 3 spell levels left.
You didn't know any spells.
Your spell library was empty.

Dungeon Overview and Level Annotations

Branches:
Dungeon (1/1)

Altars:
Cheibriados
Dithmenos
Elyvilon
Fedhas
Gozag
Hepliaklqana
Kikubaaqudgha
Makhleb
Nemelex Xobeh
Okawaru
Qazlal
Ru
Sif Muna
Trog
Uskayaw
Vehumet
Wu Jian
Xom
Yredelemnul
Zin
The Shining One
Beogh
Jiyva
Lugonu


Innate Abilities, Weirdness & Mutations

You have a pair of horns on your head.
You reflexively headbutt those who attack you in melee.


Message History

You continue taking off your +0 scale mail. x4
You finish taking off your +0 scale mail.
You drop a +0 scale mail.
b - a +1 scale mail You start putting on your armour.
You continue putting on your +1 scale mail. x4
You finish putting on your +1 scale mail.
n - a +3 ring of intelligence
o - a +2 ring of evasion You feel clever.
n - a +3 ring of intelligence (left hand)
o - a +2 ring of evasion (right hand) Unknown command.
As you open the door, it creaks loudly! 2 two-headed ogres, a komodo dragon, a wyvern, a killer bee and an acid dragon come into view.
The komodo dragon hisses angrily.
The wyvern hisses angrily.
The komodo dragon hisses menacingly.
Unknown command.
Unknown command.
You barely miss the two-headed ogre. You headbutt the two-headed ogre!
The two-headed ogre is moderately wounded.
The two-headed ogre hits you with a +0 giant spiked club!!
Ouch! That really hurt!
The two-headed ogre hits you with a +0 giant club!
* * * LOW HITPOINT WARNING * * *
You slash the two-headed ogre!
The two-headed ogre looks as sick as possible!
You headbutt the two-headed ogre.
The two-headed ogre is heavily wounded.
The two-headed ogre closely misses you. x2
Unknown command.
You hit the two-headed ogre but do no damage.
You headbutt the two-headed ogre.
The two-headed ogre is severely wounded.
Unknown command.
Unknown command.
You feel much better.
The two-headed ogre hits you with a +0 giant spiked club!!
Ouch! That really hurt!
You die... ▓▓▓▓▓▓▓▓▓▓▓▓▓▓▓▓▓▓▓▓▓▓▓▓ _______'..).[[[.@OOllyD. ▓▓▓▓▓▓▓▓▓▓▓▓▓▓▓▓▓▓▓▓▓▓▓▓

You could see 2 two-headed ogres, a komodo dragon, a wyvern, an acid dragon and a killer bee.

Vanquished Creatures
  An ogre (D)
  A hound (D)
  An adder (D)
  An ufetubus (D)
  An orc (D)
  2 goblins (D)
  A hobgoblin (D)
  A frilled lizard (D)
  A rat (D)
10 creatures vanquished.

Notes
Turn   | Place    | Note
-------+----------+-------------------------------------------
     0 | D        | mhtbhm the Minotaur Fighter began the quest for the Orb.
     0 | D        | Reached XP level 1. HP: 19/19 MP: 0/0
    10 | D        | Reached skill level 4 in Fighting
    67 | D        | Noticed a hound
    67 | D        | Noticed an ogre
    69 | D        | Reached XP level 2. HP: 28/28 MP: 1/1
    71 | D        | Reached skill level 5 in Fighting
    75 | D        | Reached skill level 5 in Armour
    75 | D        | Reached skill level 5 in Shields
    75 | D        | Reached XP level 3. HP: 37/37 MP: 2/2
    81 | D        | Killed an ogre
    82 | D        | Reached skill level 7 in Fighting
    82 | D        | Reached XP level 4. HP: 6/47 MP: 3/3
    88 | D        | Found a snail-covered altar of Cheibriados.
    88 | D        | Found a shadowy altar of Dithmenos.
    88 | D        | Found a white marble altar of Elyvilon.
    88 | D        | Found a blossoming altar of Fedhas.
    88 | D        | Found an opulent altar of Gozag.
    89 | D        | Found a hazy altar of Hepliaklqana.
    90 | D        | Found a viscous altar of Jiyva.
    91 | D        | Found an ancient bone altar of Kikubaaqudgha.
    92 | D        | Found a corrupted altar of Lugonu.
    93 | D        | Found a burning altar of Makhleb.
    94 | D        | Found a sparkling altar of Nemelex Xobeh.
    95 | D        | Found an iron altar of Okawaru.
    96 | D        | Found a stormy altar of Qazlal.
    97 | D        | Found a sacrificial altar of Ru.
    98 | D        | Found a shimmering blue altar of Sif Muna.
    99 | D        | Found a bloodstained altar of Trog.
   100 | D        | Found a hide-covered altar of Uskayaw.
   101 | D        | Found a radiant altar of Vehumet.
   102 | D        | Found an ornate altar of the Wu Jian Council.
   103 | D        | Became a worshipper of Warmaster Okawaru
   104 | D        | Found a shimmering altar of Xom.
   105 | D        | Found a basalt altar of Yredelemnul.
   106 | D        | Found a glowing silver altar of Zin.
   107 | D        | Found a glowing golden altar of the Shining One.
   387 | D        | Noticed a two-headed ogre
   387 | D        | Noticed a two-headed ogre
   387 | D        | Noticed a komodo dragon
   387 | D        | Noticed a wyvern
   387 | D        | Noticed an acid dragon
   391 | D        | Slain by a two-headed ogre

Illustrated notes

Levels and vault maps discovered:
D:        linesprint [early_d, line_temple, items_1, d_10, items_2, lair_1,
          lair_end, items_3, orc_1, orc_end, items_4, d_15, swamp_1, shoals_1,
          snake_1, spider_1, d_20, vaults_1, items_5, swamp_end, shoals_end,
          snake_end, spider_end, vaults_end, d_27, items_6, zot_1, zot_end,
          crypt_end, forest_end, elf_end, slime_end, tomb_end, abyss_end,
          pan_hell_end]

Skill      XL: |  1  2  3 |
---------------+----------+-----
Fighting       | 4 5 7 |  7.2
Armour         | 4 5 6 |  6.9
Shields        | 4 5 6 |  6.7
Polearms       | 3 4 6 |  6.0
Dodging        | |  0.3

Action                   |  1- 3 |  4- 6 || total
-------------------------+-------+-------++-------
Melee: Trident           |    32 |       ||    32
       Headbutt          |     3 |     3 ||     6
       Halberd           |       |     3 ||     3
  Use: Potion            |       |     1 ||     1
Armor: Scale mail        |    10 |       ||    10
Dodge: Dodged            |    12 |     2 ||    14
Block: Buckler           |     2 |       ||     2

Table legend: (Time is in decaauts)
 A = Elapsed time spent in this place.
 B = Non-inter-level travel time spent in this place.
 C = Inter-level travel time spent in this place.
 D = Time resting spent in this place.
 E = Time spent auto-exploring this place.
 F = Levels seen in this place.
 G = Mean time per level.
                   A        B        C        D        E       F      G
               +--------+--------+--------+--------+--------+-----+--------+
         Total |    395 |    395 |      0 |    273 |      2 |   1 |  395.0 |
       Dungeon |    395 |    395 |      0 |    273 |      2 |   1 |  395.0 |
               +--------+--------+--------+--------+--------+-----+--------+

Top non-repeatable levels by time:
       D: 395 daAuts
